| TOP OF THE 1ST |
|
Bakersfield Bears batting - Pitching for Fresno Grizzlies : RHP Al Nipper
|
|
Pitching: RHP Al Nipper
|
|
|
Batting: RHB Jack Lopez
|
0-0: Ball 1-0: Called Strike 1-1: Swinging Strike 1-2: Foul Ball, location: 2F 1-2: Ball 2-2: Foul Ball, location: 2F 2-2: Ball 3-2: Ground out 6-3 (Groundball, 6, EV 92.5 MPH)
|
|
Batting: RHB Edward Gates
|
0-0: Ball 1-0: Ball 2-0: Ball 3-0: Base on Balls
|
|
Batting: LHB Darren Daulton
|
0-0: Called Strike 0-1: Swinging Strike 0-2: Fly out, F8 (Flyball, 8LS, EV 88.8 MPH)
|
|
Batting: RHB Jeffrey Ronk
|
0-0: Ball 1-0: Called Strike 1-1: Ball 2-1: Fielders Choice at 2nd, 5-4 (Groundball, 56, EV 79.4 MPH)
|
| Top of the 1st over - 0 runs, 0 hits, 0 errors, 1 left on base; Bakersfield 0 - Fresno 0 |
| BOTTOM OF THE 1ST |
|
Fresno Grizzlies batting - Pitching for Bakersfield Bears : RHP Glenn Fisher
|
|
Pitching: RHP Glenn Fisher
|
|
|
Batting: SHB Steve Jeltz
|
0-0: Ball 1-0: Called Strike 1-1: Ball 2-1: Ground out 4-3 (Groundball, 4, EV 81.3 MPH)
|
|
Batting: SHB Al Newman
|
0-0: Foul Ball, location: 2F 0-1: Called Strike 0-2: Foul Ball, location: 2F 0-2: Foul Ball, location: 2F 0-2: Fly out, F8 (Flyball, 8LD, EV 100.0 MPH)
|
|
Batting: RHB Chris Fernandez
|
0-0: Called Strike 0-1: Swinging Strike 0-2: Ball 1-2: Ball 2-2: Strikes out swinging
|
| Bottom of the 1st over - 0 runs, 0 hits, 0 errors, 0 left on base; Bakersfield 0 - Fresno 0 |
| TOP OF THE 2ND |
|
Bakersfield Bears batting - Pitching for Fresno Grizzlies : RHP Al Nipper
|
|
Batting: RHB James Oros
|
0-0: Called Strike 0-1: Foul Ball, location: 2F 0-2: Ball 1-2: Ball 2-2: Ball 3-2: Strikes out swinging
|
|
Batting: RHB George Foussianes
|
0-0: Called Strike 0-1: Foul Ball, location: 2F 0-2: Ball 1-2: Ball 2-2: Ground out 5-3 (Groundball, 5L, EV 108.1 MPH)
|
|
Batting: LHB Matthew Henderson
|
0-0: Ground out 6-3 (Groundball, 6S, EV 82.5 MPH)
|
| Top of the 2nd over - 0 runs, 0 hits, 0 errors, 0 left on base; Bakersfield 0 - Fresno 0 |
| BOTTOM OF THE 2ND |
|
Fresno Grizzlies batting - Pitching for Bakersfield Bears : RHP Glenn Fisher
|
|
Batting: LHB William Metil
|
0-0: Called Strike 0-1: Ball 1-1: SINGLE (Line Drive, 56D, EV 101.9 MPH)
|
|
Batting: RHB Mike Jirschele
|
0-0: Ball 1-0: Foul Ball, location: 2F 1-1: Ball 2-1: Ball 3-1: Base on Balls William Metil to second
|
|
Batting: LHB Ron Oddo
|
0-0: Ball 1-0: Ball 2-0: Ball 3-0: Base on Balls William Metil to third Mike Jirschele to second
|
|
Batting: RHB Manuel McDonald
|
0-0: Swinging Strike 0-1: Ball 1-1: Ball 2-1: Ball 3-1: Base on Balls William Metil scores Mike Jirschele to third Ron Oddo to second
|
|
Batting: RHB Billy Ireland
|
0-0: Swinging Strike 0-1: SINGLE (Line Drive, 4D, EV 95.0 MPH) Mike Jirschele scores Ron Oddo to third Manuel McDonald to second Runner from 3rd tries for Home, SAFE, throw by RF to home
|
|
Batting: RHB Ivan Mesa
|
0-0: Ball 1-0: SINGLE (Groundball, 34D, EV 102.5 MPH) Manuel McDonald to third Billy Ireland to second Runner from 3rd tries for Home, throw by RF and OUT! 9-2
|
|
Batting: SHB Steve Jeltz
|
0-0: Ball 1-0: Ball Wild Pitch! Billy Ireland to third Ivan Mesa to second 2-0: Ground out 1-3 (Groundball, 13, EV 66.9 MPH)
|
|
Batting: SHB Al Newman
|
0-0: Called Strike 0-1: Called Strike 0-2: Ground out 4-3 (Groundball, 4MS, EV 61.9 MPH)
|
| Bottom of the 2nd over - 3 runs, 3 hits, 0 errors, 2 left on base; Bakersfield 0 - Fresno 3 |
| TOP OF THE 3RD |
|
Bakersfield Bears batting - Pitching for Fresno Grizzlies : RHP Al Nipper
|
|
Batting: RHB Gus Malespin
|
0-0: Fly out, F9 (Flyball, 89D, EV 96.3 MPH)
|
|
Batting: RHB Kevin Harvey
|
0-0: Ball 1-0: Ball 2-0: Ball 3-0: Base on Balls
|
|
Batting: RHB Jack Lopez
|
0-0: Called Strike 0-1: Ball 1-1: Foul Ball, location: 2F 1-2: Foul Ball, location: 2F 1-2: Fielders Choice at 2nd, 5-4 (Groundball, 5, EV 91.3 MPH)
|
|
Batting: RHB Edward Gates
|
0-0: Ball Jack Lopez steals 2nd base (no throw) 1-0: Foul Ball, location: 2F 1-1: Ball 2-1: Ground out 5-3 (Groundball, 56S, EV 87.5 MPH)
|
| Top of the 3rd over - 0 runs, 0 hits, 0 errors, 1 left on base; Bakersfield 0 - Fresno 3 |
| BOTTOM OF THE 3RD |
|
Fresno Grizzlies batting - Pitching for Bakersfield Bears : RHP Glenn Fisher
|
|
Batting: RHB Chris Fernandez
|
0-0: Ball 1-0: Ball 2-0: Foul Ball, location: 2F 2-1: Ground out 6-3 (Groundball, 6D, EV 110.6 MPH)
|
|
Batting: LHB William Metil
|
0-0: Ground out 6-3 (Groundball, 6M, EV 83.1 MPH)
|
|
Batting: RHB Mike Jirschele
|
0-0: SINGLE (Flyball, 34D, EV 86.3 MPH)
|
|
Batting: LHB Ron Oddo
|
0-0: Ball 1-0: Called Strike 1-1: Called Strike 1-2: Foul Ball, location: 2F 1-2: Ball 2-2: Foul Ball, location: 2F 2-2: Ball 3-2: Foul Ball, location: 2F 3-2: Ground out 4-3 (Groundball, 4, EV 80.6 MPH)
|
| Bottom of the 3rd over - 0 runs, 1 hit, 0 errors, 1 left on base; Bakersfield 0 - Fresno 3 |
| TOP OF THE 4TH |
|
Bakersfield Bears batting - Pitching for Fresno Grizzlies : RHP Al Nipper
|
|
Batting: LHB Darren Daulton
|
0-0: Ball 1-0: Called Strike 1-1: Ball 2-1: Foul Ball, location: 2F 2-2: Foul Ball, location: 2F 2-2: DOUBLE (Line Drive, 78M, EV 106.9 MPH)
|
|
Batting: RHB Jeffrey Ronk
|
0-0: Ball 1-0: Ball 2-0: Ball 3-0: Called Strike 3-1: Called Strike 3-2: SINGLE (Flyball, 56D, EV 98.1 MPH) Darren Daulton to third
|
|
Batting: RHB James Oros
|
0-0: Called Strike 0-1: Ball 1-1: Called Strike 1-2: Ball 2-2: Ball 3-2: Fly out, F7 (Flyball, 7LM, EV 82.5 MPH) Runner from 3rd tags up, OUT at HOME! 7-2 Jeffrey Ronk to second
|
|
Batting: RHB George Foussianes
|
0-0: Foul Ball, location: 2F 0-1: Foul Ball, location: 2F 0-2: Ball 1-2: Ball 2-2: Ball 3-2: SINGLE (Groundball, 34D, EV 95.6 MPH) Jeffrey Ronk to third Jeffrey Ronk scores
|
|
Batting: LHB Matthew Henderson
|
0-0: Ball 1-0: Fly out, F8 (Flyball, 8RS, EV 90.0 MPH)
|
| Top of the 4th over - 1 run, 3 hits, 0 errors, 1 left on base; Bakersfield 1 - Fresno 3 |
| BOTTOM OF THE 4TH |
|
Fresno Grizzlies batting - Pitching for Bakersfield Bears : RHP Glenn Fisher
|
|
Batting: RHB Manuel McDonald
|
0-0: Called Strike 0-1: Ball 1-1: Fly out, F8 (Flyball, 89S, EV 82.5 MPH)
|
|
Batting: RHB Billy Ireland
|
0-0: Ball 1-0: Foul Ball, location: 2F 1-1: Ball 2-1: Ball 3-1: Fly out, F9 (Line Drive, 9, EV 90.6 MPH)
|
|
Batting: RHB Ivan Mesa
|
0-0: Ball 1-0: Called Strike 1-1: Ball 2-1: Ball 3-1: Base on Balls
|
|
Batting: SHB Steve Jeltz
|
0-0: Ball 1-0: Called Strike 1-1: SINGLE (Groundball, 6MD, EV 98.8 MPH) Ivan Mesa to second
|
|
Batting: SHB Al Newman
|
0-0: Called Strike 0-1: Foul Ball, location: 2F 0-2: Ball 1-2: Ball 2-2: Ball 3-2: Foul Ball, location: 2F 3-2: Strikes out looking
|
| Bottom of the 4th over - 0 runs, 1 hit, 0 errors, 2 left on base; Bakersfield 1 - Fresno 3 |
| TOP OF THE 5TH |
|
Bakersfield Bears batting - Pitching for Fresno Grizzlies : RHP Al Nipper
|
|
Batting: RHB Gus Malespin
|
0-0: Ball 1-0: Foul Ball, location: 2F 1-1: Ground out 1-3 (Groundball, 13S, EV 75.6 MPH)
|
|
Batting: RHB Kevin Harvey
|
0-0: Called Strike 0-1: Ball 1-1: Foul Ball, location: 2F 1-2: Foul Ball, location: 2F 1-2: Ball 2-2: Ball 3-2: Ground out 1-3 (Groundball, 34S, EV 73.1 MPH)
|
|
Batting: RHB Jack Lopez
|
0-0: Called Strike 0-1: Ball 1-1: Foul Ball, location: 2F 1-2: Ball 2-2: Foul Ball, location: 2F 2-2: Ball 3-2: SOLO HOME RUN (Flyball, 7D, EV 101.9 MPH), Distance : 375 ft
|
|
Batting: RHB Edward Gates
|
0-0: Swinging Strike 0-1: Ball 1-1: Called Strike 1-2: Ball 2-2: Foul Ball, location: 2F 2-2: DOUBLE (Line Drive, 3D, EV 93.8 MPH)
|
|
Batting: LHB Darren Daulton
|
0-0: Ball 1-0: Ball 2-0: Foul Ball, location: 2F 2-1: Ball 3-1: Base on Balls
|
|
Pitching: RHP Alec Christianson
|
|
|
Batting: RHB Jeffrey Ronk
|
0-0: Ball 1-0: Called Strike 1-1: Called Strike 1-2: SINGLE (Line Drive, 7S, EV 99.4 MPH) Edward Gates to third Darren Daulton to second Runner from 3rd tries for Home, SAFE, throw by LF to home
|
|
Batting: RHB James Oros
|
0-0: Called Strike 0-1: Foul Ball, location: 2F 0-2: Ball 1-2: Foul Ball, location: 2F 1-2: Ball 2-2: Strikes out swinging
|
| Top of the 5th over - 2 runs, 3 hits, 0 errors, 2 left on base; Bakersfield 3 - Fresno 3 |
| BOTTOM OF THE 5TH |
|
Fresno Grizzlies batting - Pitching for Bakersfield Bears : RHP Glenn Fisher
|
|
Batting: RHB Chris Fernandez
|
0-0: Ball 1-0: Foul Ball, location: 2F 1-1: Called Strike 1-2: SINGLE (Groundball, 6D, EV 96.9 MPH)
|
|
Batting: LHB William Metil
|
0-0: Ball 1-0: Called Strike 1-1: Fielders Choice at 2nd, 4-6 (Groundball, 4, EV 83.8 MPH)
|
|
Batting: RHB Mike Jirschele
|
0-0: Called Strike 0-1: Ball 1-1: Ball 2-1: Called Strike 2-2: Ball 3-2: Base on Balls William Metil to second
|
|
Batting: LHB Ron Oddo
|
0-0: Foul Ball, location: 2F 0-1: Ball 1-1: Grounds into double play, 4-6-3 (Groundball, 4, EV 80.0 MPH)
|
| Bottom of the 5th over - 0 runs, 1 hit, 0 errors, 1 left on base; Bakersfield 3 - Fresno 3 |
| TOP OF THE 6TH |
|
Bakersfield Bears batting - Pitching for Fresno Grizzlies : RHP Alec Christianson
|
|
Batting: RHB George Foussianes
|
0-0: Ball 1-0: Called Strike 1-1: Called Strike 1-2: Strikes out looking
|
|
Batting: LHB Matthew Henderson
|
0-0: Foul Ball, location: 2F 0-1: Ball 1-1: Ground out 4-3 (Groundball, 4, EV 98.1 MPH)
|
|
Batting: RHB Gus Malespin
|
0-0: Ball 1-0: Called Strike 1-1: SOLO HOME RUN (Flyball, 78XD, EV 110.6 MPH), Distance : 411 ft
|
|
Batting: RHB Kevin Harvey
|
0-0: Foul Ball, location: 2F 0-1: Ball 1-1: Ball 2-1: Ball 3-1: Swinging Strike 3-2: Foul Ball, location: 2F 3-2: Base on Balls
|
|
Pitching: RHP James Coffman
|
|
|
Batting: RHB Jack Lopez
|
0-0: Called Strike 0-1: Swinging Strike 0-2: Ball Kevin Harvey is caught stealing 2nd base 2-4
|
| Top of the 6th over - 1 run, 1 hit, 0 errors, 0 left on base; Bakersfield 4 - Fresno 3 |
| BOTTOM OF THE 6TH |
|
Fresno Grizzlies batting - Pitching for Bakersfield Bears : RHP Glenn Fisher
|
|
Batting: RHB Manuel McDonald
|
0-0: Ball 1-0: SINGLE (Groundball, 13S, EV 66.9 MPH) (infield hit)
|
|
Batting: RHB Billy Ireland
|
0-0: Called Strike Manuel McDonald steals 2nd base 0-1: Called Strike 0-2: Ground out 4-3 (Groundball, 4MS, EV 80.0 MPH) Manuel McDonald to third
|
|
Batting: RHB Ivan Mesa
|
0-0: Ball 1-0: Foul Ball, location: 2F 1-1: SINGLE (Line Drive, 78M, EV 105.6 MPH) Manuel McDonald scores
|
|
Batting: SHB Steve Jeltz
|
0-0: Ball 1-0: Foul Ball, location: 2F 1-1: Fly out, F6 (Popup, 6M, EV 61.3 MPH)
|
|
Batting: SHB Al Newman
|
0-0: Ball 1-0: Called Strike 1-1: Ball 2-1: Foul Ball, location: 2F 2-2: Ball 3-2: Ground out 4-3 (Groundball, 34S, EV 68.8 MPH)
|
| Bottom of the 6th over - 1 run, 2 hits, 0 errors, 1 left on base; Bakersfield 4 - Fresno 4 |
| TOP OF THE 7TH |
|
Bakersfield Bears batting - Pitching for Fresno Grizzlies : RHP James Coffman
|
|
Batting: RHB Jack Lopez
|
0-0: Ball 1-0: Ball 2-0: Foul Ball, location: 2F 2-1: Foul Ball, location: 2F 2-2: Foul Ball, location: 2F 2-2: Ball 3-2: Foul Ball, location: 2F 3-2: Foul Ball, location: 2F 3-2: Fly out, F8 (Line Drive, 8LD, EV 105.0 MPH)
|
|
Batting: RHB Edward Gates
|
0-0: Called Strike 0-1: Swinging Strike 0-2: Strikes out swinging
|
|
Pitching: RHP Chuck McKinney
|
|
|
Batting: LHB Darren Daulton
|
0-0: Ball 1-0: Foul Ball, location: 2F 1-1: Ground out U3 (Groundball, 3, EV 90.6 MPH)
|
| Top of the 7th over - 0 runs, 0 hits, 0 errors, 0 left on base; Bakersfield 4 - Fresno 4 |
| BOTTOM OF THE 7TH |
|
Fresno Grizzlies batting - Pitching for Bakersfield Bears : RHP Glenn Fisher
|
|
Batting: RHB Chris Fernandez
|
0-0: Foul Ball, location: 2F 0-1: Ball 1-1: Ball 2-1: Foul Ball, location: 2F 2-2: Strikes out swinging
|
|
Batting: LHB William Metil
|
0-0: Ball 1-0: Foul Ball, location: 2F 1-1: SINGLE (Line Drive, 56D, EV 101.3 MPH)
|
|
Batting: RHB Mike Jirschele
|
0-0: Ball 1-0: Foul Ball, location: 2F 1-1: Called Strike 1-2: Ball 2-2: Ball 3-2: Foul Ball, location: 2F 3-2: Fly out, F8 (Line Drive, 8LM, EV 88.8 MPH)
|
|
Batting: LHB Ron Oddo
|
0-0: Ball 1-0: Ball 2-0: Called Strike 2-1: SINGLE (Line Drive, 6M, EV 97.5 MPH) William Metil to second William Metil to third
|
|
Batting: RHB Manuel McDonald
|
0-0: Ball 1-0: Swinging Strike 1-1: Fly out, F9 (Line Drive, 9, EV 94.4 MPH)
|
| Bottom of the 7th over - 0 runs, 2 hits, 0 errors, 2 left on base; Bakersfield 4 - Fresno 4 |
| TOP OF THE 8TH |
|
Bakersfield Bears batting - Pitching for Fresno Grizzlies : RHP Chuck McKinney
|
|
Batting: RHB Jeffrey Ronk
|
0-0: Ball 1-0: Ball 2-0: Foul Ball, location: 2F 2-1: Foul Ball, location: 2F 2-2: Ball 3-2: Fly out, F9 (Flyball, 89S, EV 80.6 MPH)
|
|
Batting: RHB James Oros
|
0-0: Ball 1-0: Called Strike 1-1: Fly out, F8 (Flyball, 8RXD, EV 103.8 MPH)
|
|
Batting: RHB George Foussianes
|
0-0: Ball 1-0: Swinging Strike 1-1: Swinging Strike 1-2: Foul Ball, location: 2F 1-2: Strikes out looking
|
| Top of the 8th over - 0 runs, 0 hits, 0 errors, 0 left on base; Bakersfield 4 - Fresno 4 |
| BOTTOM OF THE 8TH |
|
Fresno Grizzlies batting - Pitching for Bakersfield Bears : RHP Glenn Fisher
|
|
Batting: RHB Billy Ireland
|
0-0: Called Strike 0-1: Ball 1-1: Swinging Strike 1-2: Ball 2-2: Strikes out looking
|
|
Batting: RHB Ivan Mesa
|
0-0: Ball 1-0: Foul Ball, location: 2F 1-1: Called Strike 1-2: SINGLE (Groundball, 5D, EV 110.6 MPH)
|
|
Batting: SHB Steve Jeltz
|
Pickoff Throw to First - Out! 1-3 0-0: Ball 1-0: Called Strike 1-1: Foul Ball, location: 2F 1-2: Ball 2-2: Ball 3-2: Base on Balls
|
|
Pitching: RHP Marc Campbell
|
|
|
Batting: SHB Al Newman
|
0-0: Ball Steve Jeltz is caught stealing 2nd base 2-6
|
| Bottom of the 8th over - 0 runs, 1 hit, 0 errors, 0 left on base; Bakersfield 4 - Fresno 4 |
| TOP OF THE 9TH |
|
Bakersfield Bears batting - Pitching for Fresno Grizzlies : RHP Chuck McKinney
|
|
Pitching: RHP Bob Tewksbury
|
|
|
Batting: LHB Matthew Henderson
|
0-0: Called Strike 0-1: Called Strike 0-2: Ball 1-2: Ball 2-2: Ball 3-2: Foul Ball, location: 2F 3-2: Foul Ball, location: 2F 3-2: Base on Balls
|
|
Batting: RHB Gus Malespin
|
0-0: Called Strike 0-1: Called Strike 0-2: Foul Ball, location: 2F 0-2: Fly out, F7 (Flyball, 78M, EV 90.0 MPH)
|
|
Batting: RHB Kevin Harvey
|
0-0: Called Strike Matthew Henderson is caught stealing 2nd base 2-4 0-1: Ball 1-1: Foul Ball, location: 2F 1-2: Foul Ball, location: 2F 1-2: Foul Ball, location: 2F 1-2: Ball 2-2: Ground out 5-3 (Groundball, 5, EV 109.4 MPH)
|
| Top of the 9th over - 0 runs, 0 hits, 0 errors, 0 left on base; Bakersfield 4 - Fresno 4 |
| BOTTOM OF THE 9TH |
|
Fresno Grizzlies batting - Pitching for Bakersfield Bears : RHP Marc Campbell
|
|
Pitching: LHP Tom Chevolek
|
|
|
Batting: SHB Al Newman
|
0-0: Foul Ball, location: 2F 0-1: Foul Ball, location: 2F 0-2: Ball 1-2: Ball 2-2: Ball 3-2: Ground out 6-3 (Groundball, 6, EV 102.5 MPH)
|
|
Batting: RHB Chris Fernandez
|
0-0: Swinging Strike 0-1: Called Strike 0-2: Fly out, F4 (Line Drive, 4, EV 67.5 MPH)
|
|
Batting: LHB William Metil
|
0-0: Foul Ball, location: 2F 0-1: Called Strike 0-2: Ball 1-2: Ball 2-2: Ground out 6-3 (Groundball, 6, EV 84.4 MPH)
|
| Bottom of the 9th over - 0 runs, 0 hits, 0 errors, 0 left on base; Bakersfield 4 - Fresno 4 |
| TOP OF THE 10TH |
|
Bakersfield Bears batting - Pitching for Fresno Grizzlies : RHP Bob Tewksbury
|
|
Batting: RHB Jack Lopez
|
0-0: Ball 1-0: Called Strike 1-1: Foul Ball, location: 2F 1-2: Ball 2-2: Ball 3-2: Fly out, F8 (Flyball, 78XD, EV 88.1 MPH)
|
|
Batting: RHB Edward Gates
|
0-0: Ball 1-0: Called Strike 1-1: Ball 2-1: Called Strike 2-2: Fly out, F3 (Popup, 34S, EV 70.0 MPH)
|
|
Batting: LHB Darren Daulton
|
0-0: Ball 1-0: Foul Ball, location: 2F 1-1: Called Strike 1-2: Strikes out swinging
|
| Top of the 10th over - 0 runs, 0 hits, 0 errors, 0 left on base; Bakersfield 4 - Fresno 4 |
| BOTTOM OF THE 10TH |
|
Fresno Grizzlies batting - Pitching for Bakersfield Bears : LHP Tom Chevolek
|
|
Batting: RHB Mike Jirschele
|
0-0: Ground out 5-3 (Groundball, 56, EV 83.1 MPH)
|
|
Batting: LHB Ron Oddo
|
0-0: Ball 1-0: Foul Ball, location: 2F 1-1: Ball 2-1: Called Strike 2-2: Foul Ball, location: 2F 2-2: Ground out U3 (Groundball, 3L, EV 85.0 MPH)
|
|
Batting: RHB Manuel McDonald
|
0-0: Fly out, F4 (Popup, 23, EV 83.8 MPH)
|
| Bottom of the 10th over - 0 runs, 0 hits, 0 errors, 0 left on base; Bakersfield 4 - Fresno 4 |
| TOP OF THE 11TH |
|
Bakersfield Bears batting - Pitching for Fresno Grizzlies : RHP Bob Tewksbury
|
|
Batting: RHB Jeffrey Ronk
|
0-0: Called Strike 0-1: Fly out, F7 (Flyball, 7, EV 89.4 MPH)
|
|
Batting: RHB James Oros
|
0-0: Called Strike 0-1: Ball 1-1: Called Strike 1-2: Ball 2-2: Foul Ball, location: 2F 2-2: Foul Ball, location: 2F 2-2: Ball 3-2: Foul Ball, location: 2F 3-2: Foul Ball, location: 2F 3-2: Fly out, F8 (Flyball, 89XD, EV 90.6 MPH)
|
|
Batting: RHB George Foussianes
|
0-0: Swinging Strike 0-1: Ball 1-1: Ball 2-1: Called Strike 2-2: Strikes out swinging
|
| Top of the 11th over - 0 runs, 0 hits, 0 errors, 0 left on base; Bakersfield 4 - Fresno 4 |
| BOTTOM OF THE 11TH |
|
Fresno Grizzlies batting - Pitching for Bakersfield Bears : LHP Tom Chevolek
|
|
Pitching: RHP Gary Ezell
|
|
|
Batting: RHB Billy Ireland
|
0-0: Foul Ball, location: 2F 0-1: Ball 1-1: Ball 2-1: Swinging Strike 2-2: Foul Ball, location: 2F 2-2: Fly out, F7 (Flyball, 7LM, EV 88.1 MPH)
|
|
Batting: RHB Ivan Mesa
|
0-0: Ground out 5-3 (Groundball, 56S, EV 68.8 MPH)
|
|
Batting: SHB Steve Jeltz
|
0-0: Foul Ball, location: 2F 0-1: Called Strike 0-2: Ball 1-2: SINGLE (Line Drive, 34D, EV 101.9 MPH)
|
|
Batting: SHB Al Newman
|
0-0: Ball 1-0: Foul Ball, location: 2F 1-1: Ground out 4-3 (Groundball, 4S, EV 84.4 MPH)
|
| Bottom of the 11th over - 0 runs, 1 hit, 0 errors, 1 left on base; Bakersfield 4 - Fresno 4 |
| TOP OF THE 12TH |
|
Bakersfield Bears batting - Pitching for Fresno Grizzlies : RHP Bob Tewksbury
|
|
Pitching: LHP Steven King
|
|
|
Batting: LHB Matthew Henderson
|
0-0: Foul Ball, location: 2F 0-1: Ball 1-1: Ball 2-1: Ground out 4-3 (Groundball, 4, EV 103.8 MPH)
|
|
Batting: RHB Gus Malespin
|
0-0: Ground out 5-3 (Groundball, 5, EV 77.5 MPH)
|
|
Batting: RHB Kevin Harvey
|
0-0: Called Strike 0-1: Ball 1-1: Swinging Strike 1-2: Foul Ball, location: 2F 1-2: Foul Ball, location: 2F 1-2: Foul Ball, location: 2F 1-2: Strikes out looking
|
| Top of the 12th over - 0 runs, 0 hits, 0 errors, 0 left on base; Bakersfield 4 - Fresno 4 |
| BOTTOM OF THE 12TH |
|
Fresno Grizzlies batting - Pitching for Bakersfield Bears : RHP Gary Ezell
|
|
Batting: RHB Chris Fernandez
|
0-0: Ball 1-0: Called Strike 1-1: Fly out, F4 (Flyball, 4D, EV 88.8 MPH)
|
|
Batting: LHB William Metil
|
0-0: Fly out, F8 (Flyball, 8LS, EV 88.8 MPH)
|
|
Batting: RHB Mike Jirschele
|
0-0: Fly out, F8 (Line Drive, 8LD, EV 97.5 MPH)
|
| Bottom of the 12th over - 0 runs, 0 hits, 0 errors, 0 left on base; Bakersfield 4 - Fresno 4 |
| TOP OF THE 13TH |
|
Bakersfield Bears batting - Pitching for Fresno Grizzlies : LHP Steven King
|
|
Batting: RHB Jack Lopez
|
0-0: Swinging Strike 0-1: Ball 1-1: Fly out, F8 (Flyball, 89D, EV 103.1 MPH)
|
|
Batting: RHB Edward Gates
|
0-0: Foul Ball, location: 2F 0-1: Called Strike 0-2: Foul Ball, location: 2F 0-2: Ball 1-2: Foul Ball, location: 2F 1-2: Foul Ball, location: 2F 1-2: Foul Ball, location: 2F 1-2: Strikes out swinging
|
|
Pitching: RHP Luis Peralta
|
|
|
Batting: LHB Darren Daulton
|
0-0: Ball 1-0: Ball 2-0: Foul Ball, location: 2F 2-1: Ball 3-1: Called Strike 3-2: Base on Balls
|
|
Batting: RHB Jeffrey Ronk
|
0-0: Called Strike 0-1: Ball 1-1: Ball Darren Daulton is caught stealing 2nd base 2-4
|
| Top of the 13th over - 0 runs, 0 hits, 0 errors, 0 left on base; Bakersfield 4 - Fresno 4 |
| BOTTOM OF THE 13TH |
|
Fresno Grizzlies batting - Pitching for Bakersfield Bears : RHP Gary Ezell
|
|
Batting: LHB Ron Oddo
|
0-0: Ball 1-0: Foul Ball, location: 2F 1-1: Ground out 1-3 (Groundball, 34S, EV 67.5 MPH)
|
|
Batting: RHB Manuel McDonald
|
0-0: Ball 1-0: Ball 2-0: Ball 3-0: Called Strike 3-1: Fly out, F9 (Flyball, 9, EV 92.5 MPH)
|
|
Batting: RHB Billy Ireland
|
0-0: Foul Ball, location: 2F 0-1: Ball 1-1: Ball 2-1: Ground out 4-3 (Groundball, 4, EV 88.8 MPH)
|
| Bottom of the 13th over - 0 runs, 0 hits, 0 errors, 0 left on base; Bakersfield 4 - Fresno 4 |
| TOP OF THE 14TH |
|
Bakersfield Bears batting - Pitching for Fresno Grizzlies : RHP Luis Peralta
|
|
Batting: RHB Jeffrey Ronk
|
0-0: Ground out 5-3 (Groundball, 5S, EV 75.6 MPH)
|
|
Batting: RHB James Oros
|
0-0: Called Strike 0-1: Swinging Strike 0-2: Strikes out looking
|
|
Batting: RHB George Foussianes
|
0-0: Ball 1-0: Ball 2-0: Ball 3-0: Called Strike 3-1: Base on Balls
|
|
Batting: LHB Matthew Henderson
|
0-0: TRIPLE (Line Drive, 78XD, EV 105.6 MPH) George Foussianes scores
|
|
Batting: RHB Gus Malespin
|
0-0: Intentional Walk
|
|
Batting: RHB Kevin Harvey
|
0-0: SINGLE (Groundball, 56D, EV 94.4 MPH) Matthew Henderson scores Gus Malespin to second
|
|
Batting: RHB Jack Lopez
|
0-0: Foul Ball, location: 2F 0-1: Ball 1-1: Foul Ball, location: 2F 1-2: Foul Ball, location: 2F 1-2: Ball 2-2: Ball 3-2: Foul Ball, location: 2F 3-2: Foul Ball, location: 2F 3-2: SINGLE (Groundball, 6MD, EV 97.5 MPH) Gus Malespin to third Kevin Harvey to second Gus Malespin scores Kevin Harvey to third
|
|
Batting: RHB Edward Gates
|
0-0: Ball 1-0: Foul Ball, location: 2F 1-1: Ball 2-1: Called Strike 2-2: 3-RUN HOME RUN (Flyball, 7LD, EV 95.6 MPH), Distance : 357 ft
|
|
Batting: LHB Darren Daulton
|
0-0: Called Strike 0-1: Swinging Strike 0-2: Ball 1-2: Ball 2-2: Ball 3-2: SINGLE (Groundball, 4MD, EV 106.3 MPH)
|
|
Batting: RHB Jeffrey Ronk
|
0-0: Foul Ball, location: 2F 0-1: Ball 1-1: Fielders Choice at 2nd, 5-4 (Groundball, 5, EV 86.3 MPH)
|
| Top of the 14th over - 6 runs, 5 hits, 0 errors, 1 left on base; Bakersfield 10 - Fresno 4 |
| BOTTOM OF THE 14TH |
|
Fresno Grizzlies batting - Pitching for Bakersfield Bears : RHP Gary Ezell
|
|
Pitching: LHP Richard Cope
|
|
|
Batting: RHB Ivan Mesa
|
0-0: Ball 1-0: Called Strike 1-1: Ball 2-1: Fly out, F4 (Flyball, 34D, EV 75.6 MPH)
|
|
Batting: SHB Steve Jeltz
|
0-0: Ball 1-0: Foul Ball, location: 2F 1-1: Ball 2-1: Ball 3-1: Foul Ball, location: 2F 3-2: Fly out, F3 (Flyball, 3D, EV 80.0 MPH)
|
|
Batting: SHB Al Newman
|
0-0: Reached on error, E3 (Groundball, 13, EV 80.0 MPH)
|
|
Batting: RHB Chris Fernandez
|
0-0: Ball 1-0: Ground out 5-3 (Groundball, 56S, EV 81.3 MPH)
|
| Bottom of the 14th over - 0 runs, 0 hits, 1 error, 1 left on base; Bakersfield 10 - Fresno 4 |
|